 Dungeon Crawl Stone Soup version 0.25.0-1-g7eea58d (webtiles) character file.

Game seed: 8915452091246769561

167 GeorgeSoros the Skirmisher (level 5, -16/47 HPs)
             Began as a Hill Orc Fighter on June 15, 2020.
             Demolished by an ogre
             ... wielding a +0 giant spiked club
              (26 damage)
             ... on level 3 of the Dungeon.
             The game lasted 00:05:26 (2862 turns).

GeorgeSoros the Skirmisher (Hill Orc Fighter)       Turns: 2862, Time: 00:05:27

Health: -16/47     AC:  7    Str: 20    XL:     5   Next: 48%
Magic:  5/5        EV:  7    Int:  8    God:
Gold:   150        SH:  9    Dex: 10    Spells: 4/4 levels left

rFire    . . .     SeeInvis .   a - +1 war axe
rCold    . . .     Gourm    .   c - +0 kite shield
rNeg     . . .     Faith    .   b - +0 scale mail
rPois    .         Spirit   .   (no helmet)
rElec    .         Reflect  .   (no cloak)
rCorr    .         Harm     .   (no gloves)
MR       .....                  (no boots)
Stlth    ..........             (no amulet)
HPRegen  0.15/turn              (no ring)
MPRegen  0.09/turn              (no ring)

@: lethally poisoned (-16 -> -17)
A: no striking features
a: no special abilities


You were on level 3 of the Dungeon.
You were not hungry.

You visited 1 branch of the dungeon, and saw 4 of its levels.

You collected 150 gold pieces.

Inventory:

Hand Weapons
 a - a +1 war axe (weapon)
Armour
 b - a +0 scale mail (worn)
 c - a +0 kite shield (worn)
Jewellery
 q - an uncursed ring of flight
Wands
 m - a wand of random effects (12)
Scrolls
 g - a scroll of fear {unknown}
 j - a scroll of enchant weapon
 k - 2 scrolls of remove curse
 o - 3 scrolls of amnesia {unknown}
 p - 2 scrolls of enchant armour {unknown}
 r - a scroll of fog
Potions
 d - a potion of might
 e - a potion of brilliance
 h - a potion of berserk rage {unknown}
 i - 2 potions of heal wounds {unknown}
 l - a potion of curing
 n - a potion of mutation {unknown}
Comestibles
 f - 5 rations
 s - 2 chunks of flesh


   Skills:
 + Level 4.8 Fighting
 + Level 4.2 Axes
 + Level 4.3 Armour
 + Level 4.3 Shields


You had 4 spell levels left.
You didn't know any spells.
Your spell library was empty.

Dungeon Overview and Level Annotations

Branches:
Dungeon (4/15)
 Temple: D:4-7

Altars:


Message History

You feel sick. The adder barely misses you.
You hit the adder but do no damage.
The adder is heavily wounded.
You hit the ogre. You block the adder's attack.
The ogre hits you with a +0 giant spiked club.
You block the adder's attack.
You closely miss the adder.
The adder is heavily wounded.
You barely miss the ogre.
You feel sick. You block the adder's attack.
The ogre hits you with a +0 giant spiked club!!
Ouch! That really hurt!
* * * LOW HITPOINT WARNING * * *
The adder bites you but does no damage. The adder barely misses you.
The ogre barely misses you.
You climb upwards.
There is a stone staircase leading down here.
You feel sick. The adder closely misses you.
The ogre hits you with a +0 giant spiked club!!
Ouch! That really hurt!
You die...

#......#.#.#.............###
#.)....#.#.#..#####......#
#......#.#.#..#..........##
#.............#.##.##.....#
#.....##.#...<#.##.##.###.#
#.....##.#..........#.# #.#
####.#...#.#..#.#####.# #.#
#.##.##O#..#.#####.# #.#
#.##...>@..#.......# #.#
#.#####S#>############.#
#...........#..........#
#.......#...#.##########
#.......#...#.#
#######.#.#.#.#
#######.....#.#
#.............#
#.######..#####


You could see an ogre and an adder.

Vanquished Creatures
  Natasha (thrice) (D:2)
  2 adders (D:2)
  A worm (D:3)
  A leopard gecko (D:2)
  9 orcs (D:3)
  10 bats
  2 giant cockroaches
  3 hobgoblins
  15 jackals
  2 quokkas (D:2)
  3 frilled lizards
  3 goblins
  3 kobolds
  6 rats
63 creatures vanquished.

Notes
Turn   | Place    | Note
-------+----------+-------------------------------------------
     0 | D:1      | GeorgeSoros the Hill Orc Fighter began the quest for the
                  | Orb.
     0 | D:1      | Reached XP level 1. HP: 19/19 MP: 1/1
     2 | D:1      | Noticed a centaur
     4 | D:1      | Noticed a vine stalker
     4 | D:1      | Noticed a demigod
     6 | D:1      | Noticed a demonspawn
     6 | D:1      | Noticed a merfolk
     8 | D:1      | Noticed an elf
     8 | D:1      | Noticed a dwarf
    10 | D:1      | Noticed an octopode
    10 | D:1      | Noticed an ogre
    12 | D:1      | Noticed a vampire
    14 | D:1      | Noticed a ghoul
    14 | D:1      | Noticed a troll
    16 | D:1      | Noticed a gargoyle
    18 | D:1      | Noticed a naga
    20 | D:1      | Noticed a halfling
    20 | D:1      | Noticed a draconian
    22 | D:1      | Noticed a formicid
    22 | D:1      | Noticed a tengu
    24 | D:1      | Noticed a spriggan
    24 | D:1      | Noticed a minotaur
    26 | D:1      | Noticed a felid
    26 | D:1      | Noticed a human
   357 | D:1      | Reached XP level 2. HP: 27/27 MP: 2/2
   913 | D:2      | Reached XP level 3. HP: 29/33 MP: 3/3
   987 | D:2      | Noticed Natasha
   996 | D:2      | Killed Natasha
  1143 | D:2      | Reached XP level 4. HP: 39/40 MP: 4/4
  1207 | D:2      | Noticed Natasha
  1220 | D:2      | Killed Natasha
  1366 | D:2      | Noticed Natasha
  1375 | D:2      | Killed Natasha
  1375 | D:2      | Reached XP level 5. HP: 35/47 MP: 5/5
  2852 | D:4      | Noticed an ogre
  2862 | D:3      | Demolished by an ogre

Illustrated notes

Levels and vault maps discovered:
D:1:      kb_arrival_jail, layout_loops_ring
D:2:      layout_basic, serial_curves, eino_curves_03, eino_curves_03,
          first_ration, uniq_natasha
D:3:      layout_basic
D:4:      layout_layer_cave, grunt_temple_overflow_diamond, tso_altar

Skill      XL: |  1  2  3  4 |
---------------+-------------+-----
Axes           | 3 4 |  4.2
Fighting       | 4 |  4.8
Armour         | 4 |  4.3
Shields        | 4 |  4.3

Action                   |  1- 3 |  4- 6 || total
-------------------------+-------+-------++-------
Melee: War axe           |    71 |   148 ||   219
  Use: Scroll            |     5 |     1 ||     6
  Eat: Chunk             |     1 |     6 ||     7
Armor: Scale mail        |    42 |    83 ||   125
Dodge: Dodged            |    29 |    47 ||    76
Block: Kite shield       |    51 |    91 ||   142
